AoeStats
← wan111

African Clearing

510405207Analyzed
4v4 RM · 2d ago on Sep 30, 2026· 91m 38s· 8 players
Game mode
Random Map
Map size
Large (8 player)
Population
200
Speed
Normal
Resources
Standard
Victory
Conquest
Starting age
Dark Age
Ending age
Imperial Age
RankedLock teamsTeams togetherTeam positionsShared explorationLock speedFull tech treeHidden civsTurbo modeCheats
Victory
Defeat
🇬🇧 Lithuanians · United Kingdom
1256
+10
🇬🇧 Vietnamese · United Kingdom
1237
+10
🇷🇴 Danes · Romania
1135
+14
🇮🇹 Dravidians · Italy
1024
+19
🇲🇽 Italians · Mexico
1131
-14
🇹🇷 Vietnamese · Türkiye
1121
-14
🇵🇪 Lithuanians · Peru
1084
-13
🇦🇷 Mongols · Argentina
1075
-12
RMXs | Arobledoz
5:02 Loom
12:10 Feudal Age
12:44 Double-Bit Axe
20:11 Castle Age
19:48 Gold Mining
20:18 Stone Mining
21:29 Bow Saw
27:14 Wheelbarrow
27:17 Stone Shaft Mining
27:43 Fletching
30:47 Hand Cart
35:30 Imperial Age
33:04 Town Watch
33:54 Padded Archer Armor
36:36 Conscription
37:34 Two-Man Saw
36:17 Horse Collar
37:41 Bodkin Arrow
38:08 Leather Archer Armor
38:54 Ballistics
39:35 Chemistry
38:50 Capped Ram
41:28 Heavy Plow
43:27 Elite Genoese Crossbowman
44:13 Bracer
44:44 Ring Archer Armor
44:07 Heated Shot
53:00 Forging
52:50 Scale Mail Armor
54:27 Husbandry
53:47 Cavalier
56:34 Scale Barding Armor
59:17 Light Cavalry
60:08 Bloodlines
61:10 Crop Rotation
71:28 Bombard Tower
84:49 Coinage
84:24 Caravan
RafaelKubo
13:24 Feudal Age
14:23 Double-Bit Axe
14:36 Horse Collar
16:39 Loom
17:23 Bloodlines
20:31 Castle Age
19:06 Scale Barding Armor
19:11 Forging
18:55 Gold Mining
19:53 Scale Mail Armor
20:42 Fletching
21:39 Bow Saw
26:51 Fervor
29:41 Iron Casting
29:02 Town Watch
30:54 Wheelbarrow
31:58 Chain Barding Armor
32:30 Fletching
33:07 Bodkin Arrow
36:25 Husbandry
41:27 Imperial Age
39:13 Murder Holes
39:39 Ballistics
41:37 Treadmill Crane
42:07 Masonry
42:10 Cavalier
42:52 Horse Collar
43:33 Heavy Plow
44:42 Plate Barding Armor
46:12 Conscription
46:25 Bracer
47:29 Crop Rotation
47:01 Paladin
49:04 Chemistry
48:08 Padded Archer Armor
50:49 Squires
50:34 Arson
50:38 Light Cavalry
52:10 Pikeman
53:44 Chain Mail Armor
53:48 Stone Mining
54:32 Hand Cart
54:55 Hill Forts
55:10 Halberdier
56:46 Tower Shields
59:06 Leather Archer Armor
59:24 Architecture
63:40 Two-Man Saw
63:22 Stone Shaft Mining
62:45 Winged Hussar
65:57 Hoardings
71:56 Ring Archer Armor
82:13 Elite Skirmisher
82:59 Thumb Ring
85:37 Imperial Skirmisher
wan111
11:14 Loom
14:47 Feudal Age
22:01 Castle Age
21:23 Gold Mining
21:37 Horse Collar
22:50 Double-Bit Axe
23:08 Heavy Plow
24:23 Bow Saw
28:42 Squires
29:51 Pikeman
32:15 Stone Mining
37:55 Wheelbarrow
37:25 Arson
37:54 Forging
37:35 Fletching
37:45 Padded Archer Armor
40:35 Hand Cart
41:32 Iron Casting
40:58 Scale Mail Armor
41:35 Chatras
42:26 Thumb Ring
44:56 Imperial Age
43:39 Chain Mail Armor
43:20 Bodkin Arrow
43:41 Leather Archer Armor
43:08 Elite Skirmisher
45:20 Stone Shaft Mining
44:58 Bloodlines
44:49 Husbandry
45:59 Murder Holes
47:06 Chemistry
46:18 Fortified Wall
45:33 Imperial Skirmisher
45:49 Halberdier
47:41 Elite Battle Elephant
49:08 Crop Rotation
49:42 Two-Man Saw
50:19 Scale Barding Armor
50:16 Bracer
50:06 Light Cavalry
52:07 Paper Money
55:42 Chain Barding Armor
55:53 Plate Mail Armor
55:53 Ring Archer Armor
56:02 Hoardings
55:10 Capped Ram
61:26 Ballistics
61:15 Siege Engineers
63:02 Crossbowman
63:40 Arbalester
68:39 Plate Barding Armor
68:37 Ring Archer Armor
68:44 Plate Barding Armor
82:05 Sappers
lautygonzalez89
11:25 Loom
15:48 Feudal Age
17:04 Wheelbarrow
16:15 Double-Bit Axe
16:11 Horse Collar
26:18 Castle Age
26:27 Gold Mining
27:37 Wheelbarrow
28:39 Ballistics
29:09 Thumb Ring
29:30 Fletching
29:53 Husbandry
30:33 Gold Shaft Mining
31:33 Bodkin Arrow
33:13 Padded Archer Armor
34:53 Leather Archer Armor
38:02 Hand Cart
37:54 Heavy Plow
39:09 Stone Mining
40:33 Bow Saw
44:08 Imperial Age
43:19 Bloodlines
45:18 Drill
46:05 Chemistry
44:44 Elite Mangudai
46:58 Bracer
48:55 Heavy Scorpion
52:40 Siege Engineers
52:46 Masonry
52:37 Murder Holes
54:23 Conscription
55:52 Elite Skirmisher
56:34 Imperial Skirmisher
65:26 Caravan
80:28 Onager
82:06 Forging
82:01 Scale Barding Armor
81:21 Light Cavalry
82:10 Hussar
84:58 Iron Casting
84:43 Chain Barding Armor
87:22 Blast Furnace
Grintoid
6:08 Loom
13:21 Feudal Age
15:16 Double-Bit Axe
15:13 Horse Collar
17:40 Castle Age
16:19 Wheelbarrow
19:07 Bow Saw
18:59 Heavy Plow
19:18 Hand Cart
25:40 Fletching
26:42 Bodkin Arrow
27:53 Padded Archer Armor
29:21 Leather Archer Armor
33:19 Imperial Age
31:15 Ballistics
32:50 Masonry
34:09 Bracer
35:11 Chemistry
33:32 Elite Rattan Archer
34:46 Ring Archer Armor
34:23 Thumb Ring
33:40 Pikeman
34:45 Paper Money
35:29 Two-Man Saw
34:16 Halberdier
34:57 Scale Mail Armor
35:08 Forging
35:34 Squires
35:20 Arson
38:10 Chain Mail Armor
40:02 Iron Casting
39:58 Plate Mail Armor
40:05 Iron Casting
42:41 Town Watch
43:07 Scale Barding Armor
43:22 Siege Engineers
43:56 Hoardings
43:48 Town Patrol
48:40 Fortified Wall
48:13 Treadmill Crane
50:38 Murder Holes
55:38 Elite Skirmisher
63:11 Coinage
62:40 Light Cavalry
63:21 Husbandry
63:55 Bloodlines
64:09 Chain Barding Armor
64:20 Imperial Skirmisher
66:06 Plate Barding Armor
70:03 Caravan
TomTron
4:59 Loom
14:30 Feudal Age
15:08 Horse Collar
15:14 Double-Bit Axe
17:17 Town Watch
22:57 Wheelbarrow
23:09 Gold Mining
23:16 Stone Mining
26:29 Castle Age
30:46 Bow Saw
30:39 Pikeman
31:35 Forging
32:39 Bloodlines
35:04 Heavy Plow
39:19 Imperial Age
37:40 Hand Cart
37:42 Husbandry
37:53 Squires
38:43 Iron Casting
38:09 Scale Mail Armor
39:34 Cavalier
40:23 Scale Barding Armor
40:34 Chain Mail Armor
41:27 Conscription
41:05 Paladin
42:19 Chain Barding Armor
47:14 Town Patrol
49:00 Plate Barding Armor
51:11 Light Cavalry
51:17 Halberdier
51:50 Fletching
53:48 Caravan
54:00 Guilds
53:56 Tower Shields
55:53 Ballistics
56:33 Chemistry
55:45 Masonry
55:46 Fortified Wall
55:40 Hill Forts
56:16 Hoardings
65:22 Thumb Ring
66:59 Elite Skirmisher
67:41 Bodkin Arrow
67:47 Padded Archer Armor
68:15 Imperial Skirmisher
69:07 Bracer
70:13 Leather Archer Armor
71:24 Ring Archer Armor
71:57 Two-Man Saw
71:39 Crop Rotation
73:54 Stone Shaft Mining
73:56 Architecture
81:16 Winged Hussar
Renesis
6:09 Loom
13:33 Feudal Age
14:39 Double-Bit Axe
14:41 Horse Collar
18:38 Wheelbarrow
23:39 Castle Age
22:48 Scale Barding Armor
22:53 Forging
23:55 Stone Mining
23:55 Gold Mining
23:56 Light Cavalry
24:37 Husbandry
26:02 Iron Casting
28:58 Chain Barding Armor
33:37 Heavy Plow
35:21 Hand Cart
35:42 Fletching
36:03 Town Watch
37:53 Medical Corps
38:45 Fortified Wall
38:46 Masonry
41:27 Imperial Age
38:55 Bodkin Arrow
39:00 Padded Archer Armor
39:37 Town Patrol
42:41 Conscription
43:00 Wootz Steel
43:43 Blast Furnace
43:01 Bow Saw
44:24 Hoardings
45:11 Chemistry
45:11 Scale Mail Armor
48:27 Squires
48:13 Gambesons
47:50 Pikeman
48:17 Arson
48:19 Man-at-Arms
49:18 Chain Mail Armor
49:45 Long Swordsman
49:45 Halberdier
51:50 Two-Handed Swordsman
53:12 Champion
55:54 Plate Mail Armor
58:59 Elite Urumi Swordsman
59:43 Murder Holes
60:09 Ballistics
59:53 Bracer
66:03 Guilds
68:54 Elite Urumi Swordsman
83:09 Two-Man Saw
82:48 Herbal Medicine
82:39 Onager
Telepateu
10:12 Loom
13:30 Feudal Age
14:02 Double-Bit Axe
19:23 Castle Age
20:55 Horse Collar
22:06 Wheelbarrow
22:44 Bow Saw
26:20 Heavy Plow
28:32 Hand Cart
28:28 Scale Mail Armor
28:38 Forging
34:16 Imperial Age
33:40 Iron Casting
33:42 Squires
35:24 Gold Mining
36:13 Conscription
35:58 Elite Varangian Guard
38:50 Blast Furnace
39:38 Chain Mail Armor
41:37 Plate Mail Armor
40:31 Hamask
42:00 Capped Ram
44:16 Siege Ram
53:13 Pikeman
57:06 Caravan
59:15 Halberdier
61:26 Onager
63:04 Padded Archer Armor
64:26 Fletching
64:52 Leather Archer Armor
64:02 Elite Skirmisher
64:50 Thumb Ring
65:02 Imperial Skirmisher
66:59 Bodkin Arrow
67:36 Ring Archer Armor
70:06 Ballistics
70:49 Chemistry
72:25 Bracer
Connection lost

Rejoining the realm…

Still unreachable

The connection could not be restored.

Session expired

The server has moved on; the page needs a fresh start.